 Dungeon Crawl Stone Soup version 0.22.1-6-g1668fe2 (webtiles) character file.

1299 Gingerlord the Ducker (level 8, 0/81 HPs)
             Began as a Halfling Artificer on Jan 26, 2019.
             Was a Believer of Okawaru.
             Succumbed to an orc's poison
             ... on level 6 of the Dungeon.
             The game lasted 00:17:27 (9383 turns).

Gingerlord the Ducker (Halfling Artificer)          Turns: 9383, Time: 00:17:27

Health: 0/81       AC: 24    Str: 15      XL:     8   Next: 87%
Magic:  20/20      EV:  3    Int:  9      God:    Okawaru [**....]
Gold:   513        SH:  8    Dex: 19 (20) Spells: 7/7 levels left

rFire    . . .     SeeInvis .   w - +0 falchion
rCold    . . .     Gourm    .   s - +0 shield
rNeg     + + +     Faith    .   (armour currently unavailable)
rPois    +         Spirit   .   (helmet currently unavailable)
rElec    .         Reflect  .   (cloak currently unavailable)
rCorr    .         Harm     .   (gloves currently unavailable)
MR       .....     NoTele   +   (boots currently unavailable)
Stlth    +++.......             z - amulet of rage
HPRegen  0.23/turn              y - ring of magical power
MPRegen  0.17/turn              (no ring)

@: agile, lethally poisoned (0 -> -16), tree-form, drained
A: small, mutation resistance 1
a: Heroism, Renounce Religion, Evoke Berserk Rage


You were on level 6 of the Dungeon.
You worshipped Okawaru.
Okawaru was pleased with you.
You were not hungry.
You were a tree.
You visited 2 branches of the dungeon, and saw 7 of its levels.

You collected 513 gold pieces.

Inventory:

Hand Weapons
 w - a +0 falchion (weapon)
Armour
 h - a +0 pair of gloves (melded)
 s - a +0 shield (worn)
 x - a +0 chain mail (melded)
Jewellery
 y - a ring of magical power (left branch)
 z - an amulet of rage (around neck)
Wands
 d - a wand of enslavement (8)
 e - a wand of random effects (4)
 v - a wand of polymorph (13)
 B - a wand of iceblast (8)
Scrolls
 b - a scroll of identify
 g - 4 scrolls of remove curse
 i - 5 scrolls of teleportation {unknown}
 j - 3 scrolls of enchant armour {unknown}
 m - a scroll of immolation
 p - a scroll of fog {unknown}
 q - 2 scrolls of amnesia {unknown}
 t - 2 scrolls of enchant weapon {unknown}
 C - a scroll of blinking {unknown}
Potions
 a - a potion of degeneration {unknown}
 k - a potion of magic
 l - 4 potions of flight
 n - a potion of haste
 o - 2 potions of lignification
 r - a potion of might
 u - 2 potions of brilliance {unknown}
 A - a potion of agility
 D - a potion of cancellation {unknown}
Comestibles
 f - 8 rations


   Skills:
 + Level 4.0(3.8) Fighting
   Level 3.5(4.1) Short Blades
 + Level 3.1(3.5) Long Blades
 + Level 4.6(4.5) Armour
 + Level 5.2(5.0) Dodging
 - Level 1.1(0.9) Stealth
 + Level 1.5(1.3) Shields
 + Level 2.4(2.2) Invocations
 - Level 4.6(4.4) Evocations


You had 7 spell levels left.
You didn't know any spells.
Your spell library contained the following spells:

 Spells                   Type           Power        Failure   Level  Hunger
 Magic Dart               Conj           #...         94%         1    ##.....
 Summon Small Mammal      Summ           #...         94%         1    ##.....
 Blink                    Tloc           N/A          98%         2    ###....
 Call Imp                 Summ           #.......     98%         2    ###....
 Slow                     Hex            #.......     98%         2    ###....
 Call Canine Familiar     Summ           #.......     100%        3    ####...
 Conjure Flame            Conj/Fire      #.......     100%        3    ####...
 Mephitic Cloud           Conj/Pois/Air  #.......     100%        3    ####...
 Summon Guardian Golem    Hex/Summ       #.......     100%        3    ####...
 Summon Ice Beast         Ice/Summ       #.......     100%        4    #####..
 Summon Lightning Spire   Summ/Air       #.......     100%        4    #####..


Dungeon Overview and Level Annotations

Branches:
Dungeon (6/15)             Temple (1/1) D:4

Altars:
Elyvilon
Gozag
Okawaru
Ru
Sif Muna
Uskayaw
Vehumet
Xom
Yredelemnul
The Shining One


Innate Abilities, Weirdness & Mutations

You are small and have problems with some larger weapons.
You are somewhat resistant to further mutation.


Message History

Your orc priest looks braver for a moment.
The orc hits you but does no damage.
You are more poisoned.
* * * LOW HITPOINT WARNING * * *
You feel sick.
Your orc priest hits the orc with a dagger of speed. x2
The orc dies!
Okawaru accepts your kill.
It was a potion of agility.
You feel agile all of a sudden.
* * * LOW HITPOINT WARNING * * *
You feel sick.
You turn into a tree.
Your +0 pair of gloves melds into your body.
Your +0 chain mail melds into your body.
Your roots penetrate the ground.
* * * LOW HITPOINT WARNING * * *
You feel sick.
It was a potion of magic.
Magic courses through your body.
You die...

######
###....########
####...o♣........#
...............).###
....#######....#...##
### #######...## ####
###..## ##..## ###.##
##....### #### ##.##
#.......### ###..##
#.#.# ..........##
##.....## ##...


You could see a friendly orc priest.

Vanquished Creatures
  An ice beast (D:6)
  A sky beast (D:5)
  An ogre (D:4)
  2 scorpions
  A crimson imp (D:4)
  A quasit (D:6)
  A hound (D:5)
  3 orc priests
  3 bullfrog skeletons
  3 iguanas
  A worker ant (D:5)
  9 orc wizards
  A hound skeleton (D:5)
  4 gnolls (D:6)
  A worker ant zombie (D:5)
  7 adders
  A shadow imp (D:6)
  2 oozes
  4 worms
  4 dart slugs
  4 leopard geckos
  19 orcs
  7 giant cockroaches
  7 goblins
  11 hobgoblins
  10 jackals
  A quokka (D:2)
  4 ball pythons
  7 bats
  5 frilled lizards
  A jackal zombie (D:5)
  8 kobolds
  A leopard gecko skeleton (D:4)
  14 rats
150 creatures vanquished.

Vanquished Creatures (collateral kills)
  An orc wizard (D:5)
  3 orcs
  A goblin (D:1)
5 creatures vanquished.

Vanquished Creatures (others)
  A hobgoblin (D:1)
1 creature vanquished.

Grand Total: 156 creatures vanquished

Notes
Turn   | Place    | Note
-------+----------+-------------------------------------------
     0 | D:1      | Gingerlord the Halfling Artificer began the quest for the
                  | Orb.
     0 | D:1      | Reached XP level 1. HP: 12/12 MP: 3/3
   120 | D:1      | Reached skill level 1 in Fighting
   454 | D:1      | Reached XP level 2. HP: 7/18 MP: 4/4
   743 | D:1      | Reached XP level 3. HP: 17/23 MP: 5/5
   838 | D:1      | Reached skill level 1 in Armour
  1621 | D:2      | Reached XP level 4. HP: 14/28 MP: 6/6
  2475 | D:2      | Reached XP level 5. HP: 12/34 MP: 7/7
  2883 | D:2      | Reached skill level 3 in Dodging
  3968 | D:3      | Found a shimmering altar of Xom.
  4524 | D:3      | Reached XP level 6. HP: 8/40 MP: 8/8
  5273 | D:4      | Noticed an ogre
  5336 | D:4      | Found a staircase to the Ecumenical Temple.
  5381 | Temple   | Entered the Ecumenical Temple
  5477 | Temple   | Became a worshipper of Warmaster Okawaru
  5840 | D:4      | Killed an ogre
  5840 | D:4      | Reached XP level 7. HP: 45/45 MP: 10/10
  6094 | D:4      | Reached skill level 1 in Long Blades
  6260 | D:4      | Reached skill level 4 in Dodging
  6470 | D:5      | Entered Level 5 of the Dungeon
  6480 | D:5      | Reached * piety under Okawaru
  6877 | D:5      | Reached XP level 8. HP: 52/52 MP: 11/11
  7429 | D:5      | Reached skill level 1 in Invocations
  8826 | D:6      | Reached skill level 5 in Dodging
  8826 | D:6      | Reached skill level 1 in Shields
  8960 | D:6      | Reached ** piety under Okawaru
  9381 | D:6      | HP: 2/54 [poisoned by an orc]
  9383 | D:6      | Succumbed to an orc's poison

Skill      XL: |  1  2  3  4  5  6  7  8 |
---------------+-------------------------+-----
Fighting       | 1 2 3 4 |  4.0
Armour         | 1 2 3 4 |  4.6
Short Blades   | 2 3 |  3.5
Dodging        | 3 4 5 |  5.2
Evocations     | 4 |  4.6
Long Blades    | 2 3 |  3.1
Invocations    | 2 |  2.4
Shields        | 1 |  1.5
Stealth        | |  1.1

Action                   |  1- 3 |  4- 6 |  7- 9 || total
-------------------------+-------+-------+-------++-------
Melee: Short sword       |   143 |   381 |       ||   524
       Falchion          |       |     4 |   387 ||   391
Invok: Heroism           |       |       |     4 ||     4
Evoke: Wand              |     2 |    16 |    14 ||    32
  Use: Scroll            |       |     6 |     1 ||     7
       Potion            |       |       |     8 ||     8
 Stab: Sleeping          |     1 |     2 |       ||     3
       Confused          |       |     1 |       ||     1
       Paralysed         |       |     1 |       ||     1
  Eat: Chunk             |     2 |    10 |     6 ||    18
       Ration            |       |     1 |     2 ||     3
Armor: Leather armour    |    39 |    11 |       ||    50
       Ring mail         |       |    91 |       ||    91
       Chain mail        |       |       |   264 ||   264
Dodge: Dodged            |   100 |   261 |   160 ||   521
Block: Shield            |       |       |    59 ||    59
       Rpst.: Falchion   |       |       |    44 ||    44
